 Dungeon Crawl Stone Soup version 0.19-a0-713-g934ebc7 (webtiles) character file.

336 ololoev the Ducker (level 6, 5/32 HPs)
             Began as a Spriggan Fighter on June 20, 2016.
             Quit the game on level 4 of the Dungeon.
             The game lasted 00:07:05 (3669 turns).

ololoev the Ducker (Spriggan Fighter)               Turns: 3669, Time: 00:07:06

Health: 5/32       AC:  2    Str: 11 (14) XL:     6   Next: 28%
Magic:  7/7        EV: 20    Int: 10      God:
Gold:   33         SH:  6    Dex: 13 (15) Spells: 0 memorised, 5 levels left

rFire  . . .     SeeInvis +     a - +0 flail
rCold  . . .     Gourm    .     b - +0 robe
rNeg   . . .     Faith    .     c - +0 buckler
rPois  .         Spirit   .     (helmet restricted)
rElec  .         Dismiss  .     (no cloak)
rCorr  .         Reflect  .     (gloves unavailable)
SustAt .         Harm     .     (boots unavailable)
MR     +....                    (no amulet)
Stlth  +.........               (no ring)
                                (no ring)

@: mildly poisoned (5 -> 4), very quick, somewhat resistant to hostile
enchantments, very unstealthy
A: unfitting armour, see invisible, herbivore 3, speed 3, slow metabolism 2
a: no special abilities


Innate Abilities, Weirdness & Mutations

You are tiny and cannot use many weapons and most armour.
You have supernaturally acute eyesight. (SInv)
You are a herbivore.
You cover ground extremely quickly.
You need consume almost no food.

Inventory:

Hand Weapons
 a - a +0 flail (weapon)
Armour
 b - a +0 robe (worn)
 c - a +0 buckler (worn)
Wands
 j - a wand of slowing (5/48)
 k - a wand of slowing (32/48)
Scrolls
 d - a scroll of remove curse
 e - a scroll of enchant armour
 h - 3 scrolls of immolation
 o - a scroll of amnesia
 p - a scroll of identify
Potions
 g - a potion of heal wounds
 l - a potion of flight
 m - a potion of curing
 n - a potion of lignification
Comestibles
 f - 5 bread rations
 i - 4 fruits


   Skills:
 - Level 2.4 Fighting
 * Level 3.5 Maces & Flails
 + Level 6.2 Dodging
 + Level 3.4 Shields


You had 5 spell levels left.
You didn't know any spells.


You were on level 4 of the Dungeon.
You were hungry.

You visited 2 branches of the dungeon, and saw 5 of its levels.

You collected 143 gold pieces.
You spent 110 gold pieces at shops.

***** ******* **,,,* *,,,,,*
*,,,,, ###+###,* *,,,,, #.....#,*
*,,,,, **#.#.#.#,******,,,*
*,+.._..+,,**,**,,,*
*,#.#.#.#,,...,,,,,,
#,#@....#,....,,,,,,
#.###'###,...,,,,,,, ###
######.###.# *..#*,***,,, ..#
##...#......###..##.*****_ .#*
#....#..............***,,, .#
#....#..............,,,,,, .#
#....'.....[.......#,,,,,,
#########..###...##.##.####,,,,,*
......#..#'########.##.##**,,,,,*

Notes
Turn   | Place    | Note
--------------------------------------------------------------
     0 | D:1      | ololoev the Spriggan Fighter began the quest for the Orb.
     0 | D:1      | Reached XP level 1. HP: 11/11 MP: 2/2
     0 | D:1      | jacquesderrida: 1752 ololoev the Nimble (level 8, -3/40 HPs) Began as a Spriggan Gladiator on June 20, 2016. Was an Initiate of Gozag. Roasted by a spriggan baker
     0 | D:1      | jacquesderrida: R O A S T E D
   166 | D:1      | Reached XP level 2. HP: 16/16 MP: 3/3
   722 | D:2      | Found a blossoming altar of Fedhas.
   982 | D:2      | Reached XP level 3. HP: 19/19 MP: 4/4
  1440 | D:3      | Reached skill level 5 in Dodging
  1440 | D:3      | Reached XP level 4. HP: 15/23 MP: 5/5
  1696 | D:3      | Noticed Ijyb
  2033 | D:3      | Noticed an orc warrior
  2034 | D:3      | ololoev: да ты офигел!
  2172 | D:3      | Killed Ijyb
  2172 | D:3      | Reached XP level 5. HP: 25/27 MP: 6/6
  2843 | D:3      | Found a snail-covered altar of Cheibriados.
  2903 | D:3      | Noticed Jessica
  2936 | D:3      | Killed Jessica
  2936 | D:3      | Reached skill level 6 in Dodging
  2940 | D:3      | Reached XP level 6. HP: 32/32 MP: 7/7
  3157 | D:4      | Found Lonnod's Assorted Antiques.
  3166 | D:4      | Bought a blackened wooden ring for 110 gold pieces
  3178 | D:4      | Found a staircase to the Ecumenical Temple.
  3192 | Temple   | Entered the Ecumenical Temple
  3566 | D:4      | Got a sapphire dagger
  3567 | D:4      | Identified the +4 dagger of the Hidden Vale {holy, *Rage +Rage Str+3} (You found it on level 4 of the Dungeon)
  3663 | D:4      | Found a bloodstained altar of Trog.
  3669 | D:4      | Quit the game

Dungeon Overview and Level Annotations

Branches:
Dungeon (4/15)             Temple (1/1) D:4

Altars:
Cheibriados
Elyvilon
Fedhas
Gozag
Hepliaklqana
Makhleb
Nemelex Xobeh
Qazlal
Trog
Uskayaw
Yredelemnul
Zin

Shops:
D:4 *


Message History

The worker ant is heavily wounded.
You feel sick.
You hit the worker ant but do no damage.
The worker ant is heavily wounded.
You feel sick. You block the worker ant's attack. The worker ant misses you.
You closely miss the worker ant.
The worker ant is heavily wounded.
The worker ant bites you.
You are more poisoned.
The worker ant poisons you!
You barely miss the worker ant.
The worker ant is heavily wounded.
You feel sick. You block the worker ant's attack.
You hit the worker ant but do no damage.
The worker ant is heavily wounded.
You feel sick. The worker ant misses you.
You closely miss the worker ant.
The worker ant is heavily wounded.
You feel sick. The worker ant bites you.
You are too injured to fight recklessly!
You are too injured to fight recklessly!
You are too injured to fight recklessly!
You are too injured to fight recklessly!
You are too injured to fight recklessly!
You are too injured to fight recklessly!
You are too injured to fight recklessly!
You are too injured to fight recklessly!
You are too injured to fight recklessly!
You are too injured to fight recklessly!
You are too injured to fight recklessly!
You are too injured to fight recklessly!
You are too injured to fight recklessly!
You are too injured to fight recklessly!
You are too injured to fight recklessly!
You are too injured to fight recklessly!
You are too injured to fight recklessly!
You are too injured to fight recklessly!
You are too injured to fight recklessly!
You barely miss the worker ant.
The worker ant is heavily wounded.
You feel sick. The worker ant misses you.
You hit the worker ant.
The worker ant is almost dead.
You feel sick. The worker ant completely misses you.
You barely miss the worker ant.
The worker ant is almost dead.
You feel sick. The worker ant misses you.
You closely miss the worker ant.
The worker ant is almost dead.
You feel sick. You block the worker ant's attack.
You barely miss the worker ant.
The worker ant is almost dead.
You feel sick. You block the worker ant's attack.
You hit the worker ant but do no damage.
The worker ant is almost dead.
The worker ant bites you.
You barely miss the worker ant.
The worker ant is almost dead.
You feel sick. The worker ant closely misses you.
You closely miss the worker ant.
The worker ant is almost dead.
You feel sick. You block the worker ant's attack.
You hit the worker ant but do no damage.
The worker ant is severely wounded.
The worker ant is no longer moving slowly.
The worker ant misses you.
You barely miss the worker ant.
The worker ant is severely wounded.
You feel sick.
The worker ant bites you but does no damage.
You sock the worker ant!
You kill the worker ant!
You feel sick.
You feel sick.
You open the door.
Found a bloodstained altar of Trog.
Found 5 gold pieces.
There is an open door here.
You now have 33 gold pieces (gained 5).
You feel sick.
Are you sure you want to abandon this character and quit the game? (Confirm with "yes".)

There were no monsters in sight!

Vanquished Creatures
  A scorpion (D:3)
  2 orc wizards (D:3)
  An orc priest (D:3)
  Jessica (D:3)
  A worker ant (D:4)
  Ijyb (D:3)
  6 adders
  A worm (D:2)
  A dart slug (D:3)
  A giant gecko (D:1)
  4 orcs (D:3)
  10 bats
  3 giant cockroaches
  10 goblins
  7 hobgoblins
  7 kobolds
  A quokka (D:3)
  3 giant newts
  2 rats
63 creatures vanquished.

Action                   |  1- 3 |  4- 6 || total
-------------------------+-------+-------++-------
Melee: Flail             |    91 |   217 ||   308
Evoke: Wand              |       |     1 ||     1
  Use: Potion            |       |     7 ||     7
       Scroll            |       |     7 ||     7
 Stab: Sleeping          |     5 |     2 ||     7
Armor: Robe              |     3 |    14 ||    17
       Skin              |       |    14 ||    14
Dodge: Dodged            |    66 |   189 ||   255
Block: Buckler           |    29 |    97 ||   126

Vault maps used:
D:1:      dpeg_arrival_more_subterranean_lakeside_camping
D:2:      fedhas_altar_4
D:3:      marbit_many_paths, first_bread, uniq_iyjb, uniq_jessica
D:4:      kennysheep_mini, kennysheep_little_box, minmay_temple_entry_grid,
          serial_shops, nicolae_shop_overgrown_old_shop,
          cheibrodos_ashenzari_chains
Temple:   nicolae_temple_x_marks_the_god
